Map: Abyssal Reef LE

Players

SortOf

  • Race: Zerg Zerg
  • Spawn Location: 11:00

PiLiPiLi - Winner!

  • Race: Protoss Protoss
  • Spawn Location: 5:00

Event: IEM XI Katowice - World Championship 2017

VOD

Have the link to the VOD?

Description

Time

  • Played on: Feb. 27, 2017, 9:02 a.m.
  • Length: 18:41

All games in this series

Show
View Real Time Build Order
Export as new Build Order

SortOf Zerg 

Build Orders: Hatch First 

Get SALT Encoding   

  12  0:00  Drone  
  13  0:14  Overlord  
  13  0:18  Drone  
  14  0:32  Drone x2  
  16  0:49  Hatchery  
  15  0:52  Drone  
  15  0:56  Drone  
  17  1:00  Drone  
  18  1:10  Extractor  
  17  1:15  Spawning Pool  
  17  1:18  Drone  
  17  1:21  Drone  
  18  1:29  Drone  
  19  1:40  Overlord  
  19  1:51  Drone  
  20  2:02  Queen x2  
  20  2:03  Zergling x4  
  26  2:12  Metabolic Boost, Zergling x2  
  27  2:16  Drone  
  28  2:23  Drone x2  
  30  2:34  Drone x2  
  32  2:44  Hatchery  
  32  2:48  Overlord  
  31  2:58  Overlord  
  31  3:05  Overlord  
  30  3:07  Drone x2  
  32  3:14  Drone x4  
  32  3:19  Drone x2  
  38  3:20  Drone  
  39  3:27  Queen  
  39  3:32  Pneumatized Carapace  
  41  3:34  Drone  
  41  3:37  Drone  
  41  3:39  Drone  
  44  3:44  Drone x3  
  47  3:51  Spore Crawler  
  47  3:52  Spore Crawler  
  47  3:54  Zergling x4  
  47  3:55  Zergling x2  
  48  3:59  Drone x2  
  48  4:01  Drone  
  51  4:05  Queen  
  51  4:07  Drone  
  53  4:12  Drone x2  
  55  4:19  Drone x2  
  57  4:28  Overlord  
  57  4:29  Overlord  
  57  4:32  Baneling Nest  
  57  4:34  Queen, Evolution Chamber  
  57  4:42  Overlord  
  57  4:43  Overlord  
  57  4:48  Zergling x16  
  57  4:49  Zergling x2  
  57  4:52  Drone  
  67  4:54  Queen  
  67  4:59  Zerg Melee Weapons Level 1  
  69  5:00  Overlord  
  69  5:05  Spore Crawler, Zergling x2  
  69  5:06  Zergling x2  
  70  5:09  Drone  
  70  5:10  Drone  
  72  5:14  Lair  
  72  5:15  Baneling  
  72  5:16  Extractor, Baneling x2  
  72  5:18  Drone x2  
  72  5:19  Drone  
  72  5:20  Drone x2  
  76  5:28  Drone x3  
  77  5:34  Drone x4  
  80  5:38  Extractor  
  80  5:42  Extractor  
  78  5:44  Roach Warren  
  77  5:51  Drone x2  
  77  5:53  Drone  
  77  5:54  Drone  
  77  5:55  Drone x3  
  77  5:56  Overlord  
  84  5:59  Overlord  
  84  6:00  Drone  
  84  6:01  Drone  
  86  6:10  Drone x2  
  88  6:12  Extractor  
  88  6:13  Drone  
  88  6:14  Drone  
  89  6:19  Drone  
  89  6:21  Drone x3  
  89  6:22  Hatchery  
  92  6:28  Spire, Infestation Pit, Overlord  
  92  6:30  Drone x2  
  92  6:35  Baneling x3  
  92  6:36  Baneling  
  92  6:37  Overlord  
  92  6:39  Drone x4  
  96  6:41  Overlord  
  96  6:42  Overlord  
  96  6:43  Zergling x2  
  97  6:48  Overlord  
  97  6:54  Overlord  
  97  6:58  Overlord  
  97  7:00  Drone  
  97  7:01  Drone  
  99  7:02  Queen, Drone x2  
  99  7:04  Extractor  
  98  7:09  Overlord  
  98  7:14  Pathogen Glands  
  98  7:15  Queen x2, Zerg Ground Armor Level 1  
  102  7:24  Zergling x16  
  102  7:26  Extractor  
  102  7:27  Overseer  
  102  7:29  Extractor  
  108  7:39  Burrow  
  108  7:42  Drone x3  
  108  7:43  Drone x8  
  119  7:47  Zerg Flyer Armor Level 1  
  119  7:48  Infestor x2  
  119  7:49  Spore Crawler  
  122  7:56  Drone x3  
  125  7:59  Hatchery  
  125  8:02  Drone x2  
  125  8:03  Extractor  
  125  8:04  Overlord  
  125  8:05  Infestor x2  
  125  8:09  Hive  
  129  8:13  Overlord  
  129  8:16  Queen  
  129  8:19  Drone  
  132  8:20  Drone x4  
  132  8:24  Neural Parasite  
  136  8:30  Infestor  
  138  8:39  Extractor  
  138  8:41  Zergling x30  
  138  8:47  Hatchery  
  138  8:48  Baneling x4  
  148  8:53  Corruptor x4  
  148  8:55  Overlord  
  156  8:56  Baneling x2  
  156  9:04  Corruptor x2  
  156  9:07  Overlord  
  159  9:24  Overlord, Ultralisk Cavern  
  158  9:27  Overseer, Baneling x2  
  158  9:30  Overlord, Drone  
  158  9:31  Overlord  
  158  9:34  Spore Crawler  
  158  9:36  Overlord  
  157  9:41  Queen  
  159  9:47  Infestor x3  
  159  9:48  Infestor x2, Hatchery  
  168  9:56  Zerg Flyer Armor Level 2  
  168  9:57  Spore Crawler  
  167  10:04  Zerg Melee Weapons Level 2  
  167  10:08  Extractor  
  167  10:10  Extractor  
  167  10:11  Overlord  
  167  10:14  Ultralisk x2  
  176  10:21  Drone x17  
  172  10:36  Drone x3  
  172  10:37  Drone  
  172  10:38  Chitinous Plating  
  172  10:40  Ultralisk  
  178  10:49  Corruptor  
  178  10:50  Corruptor x4, Drone  
  178  10:51  Overlord  
  178  10:56  Overlord  
  187  10:57  Corruptor  
  187  10:59  Overlord  
  187  11:00  Drone x3  
  187  11:01  Drone x3  
  195  11:10  Corruptor x2  
  199  11:15  Baneling x12  
  199  11:18  Spore Crawler  
  197  11:27  Nydus Network  
  197  11:28  Corruptor  
  198  11:48  Overseer  
  198  11:49  Overseer x6  
  198  11:51  Spore Crawler, Spine Crawler  
  198  11:52  Centrifical Hooks  
  196  12:06  Queen x8  
  196  12:17  Zerg Flyer Armor Level 3  
  196  12:19  Spire  
  196  12:20  Zerg Ground Armor Level 2  
  195  12:35  Nydus Canal  
  193  12:48  Zergling x16  
  197  12:54  Corruptor x2  
  196  13:10  Corruptor x3  
  179  13:32  Corruptor x19  
  179  13:33  Corruptor  
  194  13:37  Corruptor x2  
  194  13:38  Corruptor x3  
  194  13:39  Zergling x18  
  193  13:41  Overlord  
  193  13:46  Overseer x2  
  184  14:00  Overlord  
  165  14:14  Overlord  
  151  14:29  Corruptor x8  
  141  14:40  Corruptor x2  
  141  14:41  Zergling x2  
  139  14:46  Corruptor  
  139  14:52  Corruptor  
  129  15:01  Infestor x2  
  124  15:08  Corruptor  
  126  15:16  Corruptor  
  121  15:23  Corruptor  
  119  15:29  Corruptor  
  113  15:36  Corruptor  
  102  15:53  Corruptor  
  86  16:29  Drone x15  
  86  17:03  Corruptor  
  81  18:05  Zergling x6  
  86  18:23  Zergling x2  
Show
View Real Time Build Order
Export as new Build Order

PiLiPiLi Protoss - Winner!

Build Orders: 1 Gate Expand, Oracle Opening, Phoenix Opening 

Get SALT Encoding   

  12  0:02  Probe (Chrono Boost)  
  13  0:12  Probe (Chrono Boost)  
  14  0:19  Pylon  
  14  0:23  Probe (Chrono Boost)  
  15  0:37  Probe (Chrono Boost)  
  15  0:39  Gateway  
  16  0:44  Assimilator  
  16  0:48  Probe (Chrono Boost)  
  17  0:58  Probe (Chrono Boost)  
  18  1:09  Probe (Chrono Boost)  
  19  1:21  Nexus  
  19  1:23  Probe (Chrono Boost)  
  20  1:34  Cybernetics Core  
  20  1:37  Probe (Chrono Boost)  
  21  1:42  Assimilator  
  21  1:47  Probe (Chrono Boost)  
  21  1:53  Pylon  
  22  1:58  Probe (Chrono Boost)  
  23  2:03  Warp Gate  
  23  2:07  Stalker  
  23  2:13  Probe (Chrono Boost)  
  26  2:25  Probe (Chrono Boost)  
  27  2:33  Probe (Chrono Boost)  
  27  2:34  Adept  
  29  2:37  Probe (Chrono Boost)  
  29  2:40  Stargate  
  29  2:44  Probe (Chrono Boost)  
  32  2:49  Probe (Chrono Boost)  
  33  2:54  Probe (Chrono Boost)  
  34  3:01  Probe (Chrono Boost)  
  34  3:05  Probe (Chrono Boost)  
  36  3:07  Gateway  
  36  3:09  Gateway  
  37  3:13  Probe (Chrono Boost)  
  37  3:16  Probe (Chrono Boost)  
  37  3:19  Oracle  
  38  3:23  Pylon  
  38  3:25  Probe (Chrono Boost)  
  43  3:27  Probe (Chrono Boost)  
  43  3:38  Probe (Chrono Boost)  
  43  3:40  Mothership Core (Chrono Boost)  
  47  3:49  Nexus  
  47  3:50  Probe (Chrono Boost)  
  47  3:51  Pylon  
  47  3:55  Phoenix  
  47  4:00  Probe (Chrono Boost)  
  47  4:01  Probe (Chrono Boost)  
  51  4:10  Assimilator  
  51  4:11  Probe (Chrono Boost)  
  51  4:12  Probe (Chrono Boost)  
  51  4:13  Assimilator  
  51  4:14  Adept  
  55  4:22  Probe (Chrono Boost)  
  57  4:24  Probe (Chrono Boost)  
  57  4:25  Pylon  
  57  4:32  Probe (Chrono Boost)  
  57  4:36  Probe (Chrono Boost)  
  59  4:39  Adept  
  59  4:43  Probe (Chrono Boost)  
  59  4:44  Pylon  
  59  4:45  Adept x2  
  66  4:48  Probe (Chrono Boost)  
  67  4:54  Probe (Chrono Boost)  
  67  4:57  Fleet Beacon  
  69  5:00  Stargate, Probe (Chrono Boost)  
  69  5:03  Probe (Chrono Boost)  
  69  5:04  Probe (Chrono Boost)  
  71  5:08  Stargate  
  71  5:13  Probe (Chrono Boost)  
  71  5:14  Assimilator, Probe (Chrono Boost)  
  73  5:15  Probe (Chrono Boost)  
  74  5:24  Probe (Chrono Boost)  
  74  5:25  Probe x2 (Chrono Boost)  
  75  5:32  Assimilator  
  75  5:34  Carrier  
  75  5:35  Probe (Chrono Boost)  
  69  5:36  Probe (Chrono Boost)  
  69  5:37  Probe (Chrono Boost)  
  70  5:45  Probe (Chrono Boost)  
  70  5:46  Probe (Chrono Boost)  
  70  5:48  Twilight Council  
  70  5:49  Probe (Chrono Boost)  
  79  5:51  Carrier  
  79  5:56  Probe (Chrono Boost)  
  81  5:57  Probe (Chrono Boost)  
  81  6:01  Probe (Chrono Boost)  
  88  6:11  Pylon, Probe (Chrono Boost)  
  89  6:15  Pylon  
  89  6:18  Pylon, Carrier  
  89  6:27  Resonating Glaives  
  89  6:31  Gateway, Robotics Facility  
  95  6:34  Gateway  
  95  6:37  Gateway  
  95  6:38  Gateway  
  95  6:45  Stalker x3  
  101  6:51  Carrier  
  101  6:55  Pylon  
  101  7:07  Carrier  
  104  7:16  Pylon  
  104  7:22  Pylon x2  
  110  7:27  Pylon  
  110  7:29  Protoss Air Weapons Level 1  
  107  7:40  Stargate  
  107  7:41  Stargate  
  113  7:59  Forge  
  113  8:02  Pylon x2  
  113  8:03  Warp Prism  
  115  8:10  Carrier  
  115  8:23  Void Ray  
  115  8:24  Pylon  
  121  8:27  Pylon  
  121  8:28  Carrier  
  121  8:30  Void Ray  
  129  8:34  Void Ray  
  129  8:41  Nexus, Photon Cannon  
  133  8:43  Photon Cannon  
  133  8:44  Pylon x2  
  133  8:54  Photon Cannon x2  
  133  8:59  Photon Cannon  
  133  9:06  Carrier x2  
  133  9:21  Probe x2 (Chrono Boost)  
  133  9:22  Probe (Chrono Boost)  
  140  9:27  Templar Archives  
  140  9:32  Photon Cannon x2  
  140  9:33  Probe x2 (Chrono Boost)  
  140  9:34  Probe (Chrono Boost), Photon Cannon  
  140  9:36  Photon Cannon  
  140  9:38  Photon Cannon  
  143  9:45  Probe x2 (Chrono Boost), Protoss Air Weapons Level 2  
  146  9:46  Probe (Chrono Boost)  
  146  9:55  Void Ray  
  146  9:59  Adept x2  
  154  10:00  Adept  
  154  10:04  Assimilator  
  154  10:05  Probe (Chrono Boost)  
  154  10:06  Probe (Chrono Boost)  
  159  10:08  Probe (Chrono Boost)  
  165  10:17  Assimilator  
  165  10:18  Probe (Chrono Boost)  
  165  10:19  Probe x2 (Chrono Boost)  
  165  10:21  Probe (Chrono Boost)  
  170  10:30  Probe (Chrono Boost), Void Ray  
  170  10:31  Void Ray  
  170  10:33  Oracle  
  170  10:34  Probe (Chrono Boost)  
  170  10:35  Probe (Chrono Boost)  
  172  10:43  Probe (Chrono Boost)  
  172  10:46  Oracle  
  175  10:51  Psionic Storm  
  175  10:54  Probe (Chrono Boost)  
  175  10:56  Carrier  
  168  10:58  Probe (Chrono Boost)  
  168  10:59  Probe x2 (Chrono Boost)  
  170  11:06  Probe (Chrono Boost)  
  177  11:21  Photon Cannon  
  177  11:24  Photon Cannon  
  175  11:28  High Templar x2, Void Ray  
  175  11:29  High Templar  
  181  11:33  Void Ray  
  189  11:44  Photon Cannon  
  189  11:46  Void Ray  
  193  11:49  Photon Cannon  
  193  11:52  Pylon  
  193  11:54  Void Ray  
  197  12:10  Photon Cannon  
  197  12:12  Dark Shrine  
  197  12:14  Pylon  
  197  12:21  Protoss Air Weapons Level 3  
  197  12:33  Nexus  
  197  12:35  Pylon  
  197  12:37  Pylon  
  197  12:52  Adept  
  199  13:10  Adept  
  195  13:26  Carrier  
  186  13:28  Void Ray  
  186  13:32  Void Ray  
  168  13:34  Adept x3, Void Ray  
  168  13:38  Void Ray  
  168  13:40  Photon Cannon  
  179  13:42  Photon Cannon  
  179  13:43  Photon Cannon  
  179  13:48  Photon Cannon  
  179  13:49  Photon Cannon  
  179  13:50  Photon Cannon x2  
  179  13:52  Photon Cannon  
  177  14:00  Adept x3  
  159  14:25  Adept x3  
  133  14:42  Void Ray  
  115  15:08  Void Ray  
  113  15:39  Void Ray  
  117  15:50  Void Ray  
  120  16:38  Oracle  
  121  16:40  Nexus  
  121  16:45  Observer  
  121  16:52  High Templar x3  
  128  17:03  Observer  
  129  17:18  Void Ray  
  128  17:23  Void Ray  
  128  17:25  High Templar x3  
  142  17:35  Void Ray  
  146  17:46  Void Ray  
  150  18:05  High Templar x3  

Tags
 
Add a new tag
Caveats
  • Supply blocks, unpowered buildings, or Contaminate may cause inaccurate times.
  • Supply counts are checked every 10 seconds.